 Dungeon Crawl Stone Soup version 0.30.0-29-ga12c61a403 (webtiles) character file.

Game seed: 5769430826224532025

54232 GloriousHammer the Fighter (level 14, -2/108 HPs)
             Began as a Demonspawn Fire Elementalist on May 31, 2023.
             Was a Priest of Uskayaw.
             Slain by a dire elephant simulacrum (35 damage)
             ... animated by a necromancer
             ... on level 5 of the Lair of Beasts on June 5, 2023.
             The game lasted 01:31:14 (21059 turns).

GloriousHammer the Fighter (DsFE)                  Turns: 21059, Time: 01:31:14

Health: -2/108     AC: 15    Str: 10    XL:     14   Next: 33%
Magic:  30/35      EV: 16    Int: 17    God:    Uskayaw [***...]
Gold:   3310       SH:  8    Dex: 17    Spells: 2/30 levels left

rFire   + + .        a - +5 scimitar (flame)
rCold   . . .        N - +2 buckler {rPois}
rNeg    . . .        q - +1 robe of Vines {NoPotionHeal Regen++++}
rPois   +            E - +0 helmet "Hestili" {rF+ SInv}
rElec   +            h - +0 cloak of Compassion {+Inv rElec Will- Stlth-}
rCorr   .            k - +2 pair of gloves
SInv    +            v - +2 pair of boots
Will    +....        A - amulet of faith
Stlth   +++          Z - ring of wizardry
HPRegen 3.58/turn    c - ring of the Endless Expanse {rElec rF+ MP+9}
MPRegen 0.24/turn

%: faith, wizardry (x1)
@: no status effects
A: ignite blood 3, sharp scales 3, demonic magic 1, demonic willpower, weakness
stinger 2
a: Renounce Religion, Evoke Invisibility, Stomp, Line Pass


You were on level 5 of the Lair of Beasts.
You worshipped Uskayaw.
Uskayaw was noncommittal.
You visited 3 branches of the dungeon, and saw 16 of its levels.
You also visited: Bailey and Gauntlet.

You collected 3310 gold pieces.

Inventory:

Hand Weapons
 a - a +5 scimitar of flaming (weapon)
 b - a +4 dagger of flaming
Missiles
 m - 25 poisoned darts
 V - 6 curare-tipped darts
 W - 14 silver javelins
Armour
 h - the +0 cloak of Compassion (worn) {+Inv rElec Will- Stlth-}
   (You found it in a Gauntlet)

   rElec:     It insulates you from electricity.
   +Inv:      It lets you turn invisible.
   Will:      It decreases your willpower.
   Stlth:     It makes you less stealthy.
 k - a +2 pair of gloves (worn)
 q - the +1 robe of Vines (worn) {NoPotionHeal Regen++++}
   (You found it in a Gauntlet)

   NoPotionHeal: Its wearer cannot be healed by potions.
   Regen:     It increases your rate of health regeneration.
 v - a +2 pair of boots (worn)
 x - a +0 leather armour of cold resistance
 E - the +0 helmet "Hestili" (worn) {rF+ SInv}
   (You acquired it on level 10 of the Dungeon)

   rF:        It protects you from fire.
   SInv:      It lets you see invisible.
 N - a +2 buckler of poison resistance (worn)
Jewellery
 c - the ring of the Endless Expanse (right hand) {rElec rF+ MP+9}
   (You found it in a Gauntlet)

   [ring of magical power]

   rF:        It protects you from fire.
   rElec:     It insulates you from electricity.
   MP:        It affects your magic capacity (+9).
 A - an amulet of faith (around neck)
 C - a ring of ice
 F - a ring of fire
 R - a ring of resist corrosion
 Z - a ring of wizardry (left hand)
Wands
 j - a wand of mindburst (26)
 r - a wand of digging (6)
 y - a wand of flame (17)
 K - a wand of roots (13)
 L - a wand of acid (13)
 T - a wand of paralysis (14)
 X - a wand of polymorph (13)
Scrolls
 i - 3 scrolls of amnesia
 l - 2 scrolls of fog
 n - 3 scrolls of blinking {unknown}
 o - 2 scrolls of brand weapon {unknown}
 p - 2 scrolls of silence {unknown}
 t - 8 scrolls of teleportation
 z - a scroll of enchant weapon
 D - 3 scrolls of enchant armour {unknown}
 J - 4 scrolls of immolation {unknown}
 P - a scroll of poison {unknown}
 Q - 3 scrolls of vulnerability {unknown}
 Y - 2 scrolls of torment {unknown}
Potions
 d - a potion of mutation {unknown}
 e - 5 potions of resistance
 f - 2 potions of cancellation {unknown}
 g - 7 potions of might
 s - a potion of invisibility {unknown}
 u - 6 potions of flight
 w - 4 potions of haste {unknown}
 B - 3 potions of berserk rage
 G - 4 potions of magic
 H - 3 potions of lignification {unknown}
 I - 3 potions of curing
 M - 2 potions of brilliance {unknown}
 O - 2 potions of attraction {unknown}
 S - 5 potions of heal wounds {unknown}
Miscellaneous
 U - a phantom mirror


   Skills:
 + Level 9.3 Fighting
 - Level 5.3(6.6) Short Blades
 + Level 6.0(7.0) Long Blades
 - Level 6.9 Armour
 + Level 8.4 Dodging
 - Level 8.0 Stealth
 + Level 5.9 Shields
 + Level 8.7 Spellcasting
 - Level 5.0 Conjurations
 - Level 4.0 Hexes
 - Level 2.0 Translocations
 - Level 2.0 Transmutations
 + Level 8.2 Fire Magic
 - Level 4.0 Air Magic
 + Level 4.7 Poison Magic
 + Level 2.6 Invocations


You had 2 spell levels left.
You knew the following spells:

 Your Spells              Type           Power      Damage    Failure   Level
a - Foxfire               Conj/Fire      100%       2x1d9     1%          1
b - Scorch                Fire           70%        2d7       1%          2
c - Inner Flame           Hex/Fire       28%        N/A       1%          3
d - Volatile Blastmotes   Fire/Tloc      48%        2d14      1%          3
e - Flame Wave            Conj/Fire      29%        2d9       3%          4
f - Wereblood             Tmut           14%        N/A       3%          2
g - Swiftness             Air            20%        N/A       3%          3
h - Tukima's Dance        Hex            20%        N/A       3%          3
i - Olgreb's Toxic Radia  Pois           23%        N/A       8%          4
j - Ignite Poison         Fire/Tmut/Pois 24%        N/A       2%          3

Your spell library contained the following spells:

 Spells                   Type           Power      Damage    Failure   Level
 Magic Dart               Conj           96%        1d7       1%          1
 Shock                    Conj/Air       88%        1d8       1%          1
 Momentum Strike          Conj/Tloc      38%        3d9       1%          2
 Apportation              Tloc           28%        N/A       2%          1
 Blink                    Tloc           28%        N/A       3%          2
 Lesser Beckoning         Tloc           28%        N/A       3%          2
 Necrotise                Necr           28%        1d5       5%          1
 Summon Small Mammal      Summ           28%        N/A       5%          1
 Sublimation of Blood     Necr           7%         N/A       9%          2
 Mephitic Cloud           Conj/Pois/Air  22%        N/A       2%          3
 Sticky Flame             Conj/Fire      29%        2d5       3%          4
 Portal Projectile        Hex/Tloc       34%        N/A       4%          3
 Stone Arrow              Conj/Erth      30%        3d8       6%          3
 Airstrike                Air            10%        2d(2-18)  11%         4
 Ozocubu's Armour         Ice            7%         N/A       16%         3
 Iskenderun's Battlesphe  Conj           24%        2d8       19%         5
 Yara's Violent Unravell  Hex/Tmut       8%         3d5       38%         5
 Starburst                Conj/Fire      14%        6d6       45%         6
 Blade Hands              Tmut           7%         N/A       52%         5
 Enfeeble                 Hex            10%        N/A       100%        7
 Ozocubu's Refrigeration  Ice            3%         4d8       100%        7
 Summon Hydra             Summ           3%         N/A       100%        7
 Discord                  Hex            10%        N/A       100%        8
 Ignition                 Fire           17%        3d7       100%        8
 Fire Storm               Conj/Fire      14%        8d4       100%        9


Dungeon Overview and Level Annotations

Branches:
Dungeon (10/15)            Temple (1/1) D:5            Lair (5/5) D:9
 Shoals (0/4) Lair:2       Spider (0/4) Lair:3        Slime (0/5) Lair:5
    Orc (0/2) D:10         Bailey (visited)         Gauntlet (visited)

Altars:
Ashenzari
Cheibriados
Dithmenos
Fedhas
Gozag
Hepliaklqana
Kikubaaqudgha
Makhleb
Nemelex Xobeh
Okawaru
Qazlal
Ru
Sif Muna
Trog
Uskayaw
Vehumet
Wu Jian
Xom
Yredelemnul
Jiyva

Shops:
D:9 =

Annotations:
D:3 1 runed translucent door, Crazy Yiuf
D:10 2 transporters, AlmostDecent's ghost, novice GrEE; Nergalle
Lair:1 2 transporters
Lair:5 exclusion: obsidian statue


Innate Abilities, Weirdness & Mutations

Your demonic aura causes all spilled blood to erupt in flames.
You are completely covered in razor-sharp scales. (AC +3, Slay +3)
Spells you cast may paralyse adjacent enemies.
You punish those that try to bend your will. (Will+)
You have a tail ending in a sharp stinger.


Message History

A death yak simulacrum and a cane toad simulacrum come into view.
Found a book of Cantrips.
There is an open door here.
There is an open door here.
You hit the cane toad simulacrum.
You melt the cane toad simulacrum.
You tail-slap the cane toad simulacrum.
The cane toad simulacrum is heavily damaged.
The cane toad simulacrum hits you. The cane toad simulacrum freezes you!
Casting: Scorch (safe; 1% risk of failure)
Confirm with . or Enter, or press ? or * to list all spells.
Casting: Flame Wave (dangerous; 3% risk of failure)
Press: ? - help, Dir - look around, f - activate A wave of flame ripples out!
The flame wave engulfs the cane toad simulacrum!
The cane toad simulacrum melts!
The cane toad simulacrum vaporises!
You hear a sizzling sound! (Press . to intensify the flame waves.) Malevolent energies surge around you.
You can now pass through a line of other dancers.
A wave of flame ripples out!
The flame wave engulfs the elephant skeleton!
The elephant skeleton is lightly damaged.
The flame wave engulfs the death yak simulacrum!
The death yak simulacrum melts!
The death yak simulacrum is moderately damaged.
The elephant skeleton barely misses you.
A wave of flame ripples out!
The flame wave engulfs the elephant skeleton!
The elephant skeleton is moderately damaged.
The flame wave engulfs the death yak simulacrum!
The death yak simulacrum melts!
The death yak simulacrum is severely damaged.
You finish channelling waves of flame.
The death yak simulacrum gores you! The death yak simulacrum freezes you!!
Casting: Flame Wave (dangerous; 3% risk of failure)
Confirm with . or Enter, or press ? or * to list all spells.
Flames lash the death yak simulacrum but do no damage.
Malevolent energies surge around you.
The elephant skeleton suddenly stops moving!
The death yak simulacrum suddenly stops moving!
Casting: Scorch (safe; 1% risk of failure)
Confirm with . or Enter, or press ? or * to list all spells.
Flames lash the elephant skeleton.
The elephant skeleton is moderately damaged.
The elephant skeleton's fire resistance burns away.
Malevolent energies surge around you.
The elephant skeleton is no longer paralysed.
You block the elephant skeleton's attack.
The helpless death yak simulacrum fails to defend itself.
You slice the death yak simulacrum!!
You melt the death yak simulacrum.
The death yak simulacrum vaporises!
The elephant skeleton completely misses you.
Uskayaw will force your foes to helplessly watch your dance.
Uskayaw prepares the audience for your solo!
The helpless elephant skeleton fails to defend itself.
You slash the elephant skeleton! You burn the elephant skeleton!
You tail-slap the elephant skeleton!
The elephant skeleton is almost destroyed.
The helpless elephant skeleton fails to defend itself.
You slice the elephant skeleton!! You burn the elephant skeleton.
You destroy the elephant skeleton!
Your life force feels restored.
Really walk into that cloud of freezing vapour? [Y]es or [N]o only, please.
Really walk into that cloud of freezing vapour?
Okay, then.
Unknown command.
Found a runed great sword.
You pick up a book of Cantrips and begin reading...
You add the spells Necrotise, Summon Small Mammal and Apportation to your library.
You can no longer pass through a line of other dancers.
There is an open door, spattered with blood here.
There is a large open door, spattered with blood here.
You start resting.
Magic restored.
You open the large door.
A cane toad simulacrum and a death yak simulacrum come into view.
The death yak simulacrum gores you. The death yak simulacrum freezes you!!!
There is a large open door here.
You hit the death yak simulacrum.
You melt the death yak simulacrum.
The death yak simulacrum is lightly damaged.
The cane toad simulacrum barely misses you.
Casting: Scorch (safe; 1% risk of failure)
Confirm with . or Enter, or press ? or * to list all spells.
Casting: Flame Wave (dangerous; 3% risk of failure)
Press: ? - help, Dir - look around, f - activate A wave of flame ripples out!
The flame wave engulfs the death yak simulacrum.
The death yak simulacrum melts!
The death yak simulacrum is lightly damaged.
The flame wave engulfs the cane toad simulacrum!
The cane toad simulacrum melts!
The cane toad simulacrum is severely damaged. (Press . to intensify the flame waves.) Malevolent energies surge around you.
The cane toad simulacrum suddenly stops moving!
The death yak simulacrum gores you but does no damage.
The helpless cane toad simulacrum fails to defend itself.
You slice the cane toad simulacrum!!
You melt the cane toad simulacrum.
The cane toad simulacrum vaporises!
You block the death yak simulacrum's attack.
You can now pass through a line of other dancers.
You hit the death yak simulacrum.
You melt the death yak simulacrum.
You tail-slap the death yak simulacrum.
The death yak simulacrum is heavily damaged.
The death yak simulacrum barely misses you.
You slash the death yak simulacrum!
You melt the death yak simulacrum!
The death yak simulacrum is almost destroyed.
The death yak simulacrum misses you.
You slash the death yak simulacrum!
You melt the death yak simulacrum.
The death yak simulacrum vaporises!
Uskayaw will force your foes to helplessly watch your dance.
Really walk into that cloud of freezing vapour?
Okay, then.
There is a large open door here.
You start resting.
HP restored.
You start resting.
Magic restored.
You open the door.
The dire elephant trumpets!
You hear a shout!
You hear a trumpeting!
Casting: Flame Wave (dangerous; 3% risk of failure)
Confirm with . or Enter, or press ? or * to list all spells.
Flames lash the dire elephant.
The dire elephant is lightly wounded.
The dire elephant's fire resistance burns away.
Malevolent energies surge around you.
The dire elephant trumpets!
Casting: Scorch (safe; 1% risk of failure)
Confirm with . or Enter, or press ? or * to list all spells.
Casting: Flame Wave (dangerous; 3% risk of failure)
Press: ? - help, Dir - look around, f - activate A wave of flame ripples out!
The flame wave engulfs the dire elephant!!
The dire elephant is burned terribly!
The dire elephant is moderately wounded. (Press . to intensify the flame waves.) Malevolent energies surge around you.
The dire elephant closely misses you. The dire elephant trunk-slaps you.
A wave of flame ripples out!
The flame wave engulfs the dire elephant!
The dire elephant is burned terribly!
The dire elephant is moderately wounded.
The flame wave engulfs the spectral anaconda.
The spectral anaconda is lightly damaged.
The flame wave engulfs the dire elephant.
The dire elephant is lightly wounded.
The dire elephant tramples you.
You stumble backwards!
You can now pass through a line of other dancers.
The dire elephant is engulfed in blazing flames.
The dire elephant misses you. You block the dire elephant's attack.
You slice the dire elephant!! You burn the dire elephant!
The dire elephant is severely wounded.
The necromancer mumbles some strange words.
The necromancer binds the souls of nearby monsters.
The dire elephant is engulfed in blazing flames.
The dire elephant closely misses you.
The dire elephant trunk-slaps you but does no damage.
The dire elephant is engulfed in blazing flames.
You slice the dire elephant!! You burn the dire elephant!
You tail-slap the dire elephant.
The dire elephant is almost dead.
The dire elephant is no longer more vulnerable to fire.
The dire elephant is engulfed in blazing flames.
You kill the dire elephant!
A freezing mist starts to gather...
The dire elephant is engulfed in blazing flames.
Uskayaw will force your foes to helplessly watch your dance.
Uskayaw prepares the audience for your solo!
A dire elephant simulacrum comes into view.
The helpless dire elephant fails to defend itself.
You slice the dire elephant!! You burn the dire elephant!
The dire elephant is moderately wounded.
The dire elephant simulacrum is no longer paralysed.
The dire elephant is no longer paralysed. x2
The dire elephant is engulfed in blazing flames.
You completely miss the dire elephant simulacrum.
The spectral anaconda is no longer paralysed.
The necromancer is no longer paralysed.
The dire elephant simulacrum tramples you!
You stumble backwards!
The dire elephant is engulfed in blazing flames.
The dire elephant closely misses you. x2; The dire elephant tramples you!!
You hold your ground!
You block the dire elephant's attack.
The dire elephant attacks as you move away!
The dire elephant tramples you but does no damage.
You block the dire elephant's attack.
The dire elephant is engulfed in blazing flames.
The dire elephant simulacrum is engulfed in blazing flames.
The dire elephant simulacrum tramples you but does no damage.
The dire elephant simulacrum trunk-slaps you.
The dire elephant simulacrum freezes you!!
The spectral anaconda is engulfed in blazing flames.
The dire elephant barely misses you. The dire elephant trunk-slaps you!
The dire elephant simulacrum is engulfed in blazing flames.
The dire elephant simulacrum tramples you but does no damage.
The dire elephant simulacrum trunk-slaps you.
The dire elephant simulacrum freezes you!!
You die...

#..## #...##........
##...#####...#♣........
#...##8..'...#♣........
##...'..######.........
#....'...P# #♣.........
##..#####.# ♣P.........
#...'..#.##♣..........
##..'..#..#♣..........
##.#@Y##.##..........
###YZ.#.###........P
#8Z8#...#♣........
##○####.##.......# #..
#..#........ .p~≈
##.#........ ~~≈≈~
#.#.......#
#~≈≈≈~.#.#........
##~≈≈.##.#........


You could see 2 dire elephants, a spectral anaconda, a necromancer and a dire
elephant simulacrum.

Vanquished Creatures
  2 dire elephants (Lair:5)
  A minotaur (Gauntlet)
  Fannar (D:10)
  A ghost crab (Gauntlet)
  Erica (D:8)
  15 death yaks
  2 two-headed ogres
  2 spectral dire elephants (Lair:5)
  Amaemon (Lair:2)
  A spectral death yak (Lair:5)
  3 necromancers
  Pikel (D:9)
  An orc knight (Bailey)
  An orc sorcerer (Bailey)
  Joseph (D:10)
  A merfolk siren (Lair:2)
  7 black mambas
  14 elephants
  10 cane toads
  2 torpor snails
  An orange demon (Lair:2)
  A kobold demonologist (Bailey)
  10 komodo dragons
  An efreet (Gauntlet)
  2 rime drakes
  A troll (D:10)
  A polar bear (Lair:3)
  5 blink frogs (Lair:1)
  3 culicivoras (Lair:3)
  A wraith (D:6)
  A vampire (D:10)
  3 fire elementals (Gauntlet)
  5 basilisks
  61 yaks
  4 steam dragons
  2 wyverns
  2 death yak simulacra (Lair:5)
  Edmund (D:6)
  2 acid dragons (D:10)
  14 water moccasins
  A hell hound (Gauntlet)
  3 black bears
  2 ice beasts
  A sky beast (D:7)
  13 orc warriors
  7 wolves
  2 ogres (D:6)
  A centaur (D:9)
  2 elephant skeletons (Lair:5)
  3 kobold brigands
  13 bullfrogs
  2 gnoll sergeants
  3 scorpions
  3 cane toad simulacra (Lair:5)
  6 wights
  4 elephant simulacra (Lair:5)
  A killer bee (D:6)
  A howler monkey (D:10)
  4 electric eels (Bailey)
  2 hounds (D:6)
  An iron imp (D:7)
  2 orc priests
  Jessica (D:3)
  5 iguanas
  Natasha (thrice) (D:3)
  12 orc wizards
  15 gnolls
  11 adders
  A shadow imp (D:6)
  2 white imps
  3 ufetubi
  A worm (D:2)
  3 dart slugs
  62 orcs
  8 ball pythons
  14 endoplasms
  4 giant cockroaches
  23 goblins
  12 hobgoblins
  11 jackals
  23 kobolds
  2 quokkas
  11 bats
  6 frilled lizards
  A goblin zombie (D:7)
  4 hobgoblin zombies (D:7)
  2 kobold skeletons (D:7)
  2 kobold zombies (D:7)
  3 orc skeletons (D:7)
  6 rats
517 creatures vanquished.

Vanquished Creatures (others)
  A dancing weapon (D:9)
  213 foxfires
214 creatures vanquished.

Grand Total: 731 creatures vanquished

Notes
Turn   | Place    | Note
-------+----------+-------------------------------------------
     0 | D:1      | GloriousHammer the Demonspawn Fire Elementalist began the
                  | quest for the Orb.
     0 | D:1      | Reached XP level 1. HP: 13/13 MP: 3/3
   221 | D:1      | Gained mutation: You have a small tail. [demonic ancestry]
   221 | D:1      | Reached XP level 2. HP: 8/19 MP: 0/5
   748 | D:1      | Gained mutation: Your demonic aura sometimes causes spilled
                  | blood to erupt in flames. [demonic ancestry]
   748 | D:1      | Reached XP level 3. HP: 19/24 MP: 0/6
   942 | D:1      | Learned a level 2 spell: Scorch
  1184 | D:1      | Learned a level 3 spell: Inner Flame
  1380 | D:2      | Gained mutation: You have a tail ending in a sharp stinger.
                  | [demonic ancestry]
  1380 | D:2      | Reached XP level 4. HP: 30/30 MP: 5/8
  1503 | D:2      | You fall into a shaft and drop 2 floors!
  2313 | D:2      | Identified the +1 leather armour of Fortification {Int+2}
  2335 | D:2      | Learned a level 3 spell: Volatile Blastmotes
  2555 | D:2      | Found a faded altar of an unknown god.
  2656 | D:3      | Found a runed translucent door.
  2657 | D:3      | Noticed Crazy Yiuf
  2776 | D:3      | Noticed Jessica
  2789 | D:3      | Killed Jessica
  2790 | D:3      | Gained mutation: You are partially covered in razor-sharp
                  | scales. (AC +1, Slay +1) [demonic ancestry]
  2790 | D:3      | Reached XP level 5. HP: 21/35 MP: 1/9
  2879 | D:3      | Noticed Natasha
  2883 | D:3      | Killed Natasha
  2913 | D:3      | Noticed Natasha
  2919 | D:3      | Killed Natasha
  3219 | D:3      | Noticed Natasha
  3224 | D:3      | Killed Natasha
  4014 | D:4      | Reached XP level 6. HP: 41/41 MP: 2/11
  4798 | D:5      | Entered Level 5 of the Dungeon
  4954 | D:5      | Reached skill level 5 in Fire Magic
  4954 | D:5      | Gained mutation: Spells you cast may paralyse adjacent
                  | enemies. [demonic ancestry]
  4954 | D:5      | Reached XP level 7. HP: 46/46 MP: 6/13
  4966 | D:5      | Upgraded the game from 0.30.0-19-g36f170ea60 to
                  | 0.30.0-20-g3b4254fcbd
  5713 | D:5      | Found a staircase to the Ecumenical Temple.
  5723 | Temple   | Entered the Ecumenical Temple
  5907 | Temple   | Became a worshipper of Uskayaw the Reveller
  5987 | D:5      | Learned a level 4 spell: Flame Wave
  5990 | D:5      | Learned a level 2 spell: Wereblood
  6007 | D:6      | Reached * piety under Uskayaw
  6010 | D:6      | Reached ** piety under Uskayaw
  6055 | D:6      | Reached skill level 1 in Fighting
  6055 | D:6      | Reached XP level 8. HP: 45/54 MP: 9/15
  6058 | D:6      | Reached *** piety under Uskayaw
  6084 | D:5      | Reached skill level 1 in Short Blades
  6084 | D:5      | Reached skill level 1 in Armour
  6215 | D:6      | Reached skill level 5 in Conjurations
  6293 | D:6      | Noticed Edmund
  6304 | D:6      | Killed Edmund
  6305 | D:6      | Reached skill level 5 in Spellcasting
  6309 | D:6      | Reached skill level 2 in Fighting
  6382 | D:6      | Found a burning altar of Makhleb.
  7024 | D:6      | Gained mutation: Your demonic aura often causes spilled
                  | blood to erupt in flames. [demonic ancestry]
  7024 | D:6      | Reached XP level 9. HP: 57/62 MP: 6/16
  7482 | D:7      | Reached **** piety under Uskayaw
  7487 | D:7      | Reached skill level 3 in Fighting
  7490 | D:7      | Reached ***** piety under Uskayaw
  7783 | D:7      | Reached skill level 1 in Transmutations
  8120 | D:7      | Found an ornate altar of the Wu Jian Council.
  8233 | D:8      | Identified the +2 ring mail of Gozag's Hope {MP+9}
  8409 | D:8      | Noticed Erica
  8421 | D:8      | Killed Erica
  8422 | D:8      | Reached skill level 4 in Fighting
  8422 | D:8      | Reached XP level 10. HP: 64/72 MP: 11/19
  8598 | D:8      | Noticed a two-headed ogre
  8605 | D:8      | Killed a two-headed ogre
  8697 | D:8      | Learned a level 3 spell: Swiftness
  8701 | D:8      | Learned a level 3 spell: Tukima's Dance
  8775 | D:8      | Found an iron altar of Okawaru.
  9423 | D:9      | Noticed Pikel
  9425 | D:9      | Noticed a two-headed ogre
  9440 | D:9      | Killed Pikel
  9441 | D:9      | Reached skill level 5 in Stealth
  9441 | D:9      | Reached skill level 1 in Hexes
  9441 | D:9      | Reached skill level 1 in Air Magic
  9653 | D:9      | Killed a two-headed ogre
  9654 | D:9      | Reached skill level 5 in Fighting
  9690 | D:9      | Identified the +10 hand axe of Glory {heavy, rC- rN+ Str+7}
 10005 | D:9      | Found a sacrificial altar of Ru.
 10045 | D:9      | Found Fyasm's Jewellery Emporium.
 10102 | D:9      | Reached skill level 5 in Dodging
 10721 | D:9      | Found a shimmering blue altar of Sif Muna.
 10721 | D:9      | Found a shimmering altar of Xom.
 11006 | D:9      | Found a staircase to the Lair.
 11178 | D:10     | Entered Level 10 of the Dungeon
 11228 | D:10     | Noticed Fannar
 11246 | D:10     | Reached skill level 5 in Armour
 11424 | D:10     | Noticed Joseph
 11433 | D:10     | Killed Joseph
 11434 | D:10     | Gained mutation: You are mostly covered in razor-sharp
                  | scales. (AC +2, Slay +2) [demonic ancestry]
 11434 | D:10     | Reached XP level 11. HP: 34/80 MP: 14/20
 11475 | D:10     | Upgraded the game from 0.30.0-20-g3b4254fcbd to
                  | 0.30.0-29-ga12c61a403
 11534 | D:10     | Killed Fannar
 11535 | D:10     | Reached skill level 6 in Fighting
 11535 | D:10     | Reached skill level 5 in Short Blades
 11574 | D:10     | Found a flagged portal.
 11600 | Bailey   | Entered a bailey
 11808 | Bailey   | Noticed an orc sorcerer
 11810 | Bailey   | Killed an orc sorcerer
 12094 | Bailey   | Noticed an orc knight
 12216 | Bailey   | Found an iron altar of Okawaru.
 12234 | Bailey   | Identified the +1 scimitar "Koaluneq" {holy, Fragile Int+3
                  | Dex+6}
 12444 | Bailey   | Killed an orc knight
 12445 | Bailey   | Reached skill level 1 in Long Blades
 12714 | D:10     | Acquired 1031 gold pieces
 12715 | D:10     | Acquired a +2 buckler of poison resistance
 12716 | D:10     | Acquired the +0 helmet "Hestili" {rF+ SInv}
 12717 | D:10     | Acquired 1052 gold pieces
 12899 | D:10     | Noticed AlmostDecent's ghost (novice GrEE)
 12921 | D:10     | Found the +5 woodcutter's axe
 12923 | D:10     | Found a transporter.
 12928 | D:10     | Found a transporter.
 13124 | D:10     | Found a staircase to the Orcish Mines.
 13326 | D:10     | Noticed Nergalle
 13701 | Lair:1   | Entered Level 1 of the Lair of Beasts
 13758 | Lair:1   | Reached skill level 1 in Shields
 13758 | Lair:1   | Reached skill level 1 in Translocations
 13798 | Lair:1   | Identified the +0 ring mail of Neffezul {Will+ Str+3 Int+3}
 13834 | Lair:1   | Reached ****** piety under Uskayaw
 13994 | Lair:1   | Gained mutation: Your demonic aura causes all spilled blood
                  | to erupt in flames. [demonic ancestry]
 13994 | Lair:1   | Reached XP level 12. HP: 80/89 MP: 13/21
 14072 | Lair:1   | Reached skill level 7 in Fighting
 14322 | Lair:1   | Found a transporter.
 14322 | Lair:1   | Found a transporter.
 14324 | Lair:1   | Noticed a boulder beetle
 14631 | Lair:2   | Found a gate leading to a gauntlet.
 14645 | Gauntlet | Entered a Gauntlet
 14645 | Gauntlet | Found a transporter.
 14645 | Gauntlet | Found a runed translucent door.
 14645 | Gauntlet | Found a transporter.
 14650 | Gauntlet | Found a runed translucent gate.
 14651 | Gauntlet | Found a transporter.
 14651 | Gauntlet | Found a runed translucent gate.
 14656 | Gauntlet | Found a runed translucent gate.
 14663 | Gauntlet | Found a transporter.
 14681 | Gauntlet | Found a transporter.
 14681 | Gauntlet | Found a transporter.
 14681 | Gauntlet | Found a transporter.
 14683 | Gauntlet | Found a transporter.
 14683 | Gauntlet | Found a transporter.
 14688 | Gauntlet | Noticed a hell beast
 14695 | Gauntlet | Found a transporter.
 14711 | Gauntlet | Found a transporter.
 14719 | Gauntlet | Found the +1 robe of Vines {NoPotionHeal Regen++++}
 14721 | Gauntlet | Found a transporter.
 14722 | Gauntlet | Noticed a ghost crab
 14735 | Gauntlet | Found a transporter.
 14755 | Gauntlet | Found a transporter.
 14763 | Gauntlet | Found a runed translucent door.
 15202 | Gauntlet | Identified the ring of the Endless Expanse {rElec rF+ MP+9}
 15331 | Gauntlet | Identified the +0 cloak of Compassion {+Inv rElec Will-
                  | Stlth-}
 15423 | Gauntlet | Killed a ghost crab
 15623 | Gauntlet | Noticed a minotaur
 15640 | Gauntlet | Killed a minotaur
 15840 | Gauntlet | Identified the staff of air "Hienug" {rElec rPois rCorr
                  | Dex-3}
 15840 | Gauntlet | Identified the +1 ring mail "Cijoug" {rElec}
 16339 | Lair:2   | Noticed Amaemon
 16356 | Lair:2   | Killed Amaemon
 16962 | Lair:2   | Found a staircase to the Shoals.
 16983 | Lair:2   | Gained mutation: You are completely covered in razor-sharp
                  | scales. (AC +3, Slay +3) [demonic ancestry]
 16983 | Lair:2   | Reached XP level 13. HP: 98/98 MP: 24/24
 17237 | Lair:2   | Learned a level 4 spell: Olgreb's Toxic Radiance
 17329 | Lair:3   | Reached skill level 8 in Fighting
 17355 | Lair:3   | Found a hole to the Spider Nest.
 17392 | Lair:3   | Reached skill level 1 in Poison Magic
 18573 | Lair:4   | Reached skill level 5 in Long Blades
 18978 | Lair:5   | Entered Level 5 of the Lair of Beasts
 18989 | Lair:5   | Reached skill level 5 in Shields
 19390 | Lair:5   | Reached skill level 9 in Fighting
 19395 | Lair:5   | Gained mutation: You punish those that try to bend your
                  | will. (Will+) [demonic ancestry]
 19395 | Lair:5   | Reached XP level 14. HP: 103/108 MP: 23/26
 19652 | Lair:5   | Acquired the Secrets of Floating Blows
 19704 | Lair:5   | Found a viscous altar of Jiyva.
 19704 | Lair:5   | Found a staircase to the Slime Pits.
 19912 | Lair:5   | Reached skill level 1 in Invocations
 20207 | Lair:5   | Learned a level 3 spell: Ignite Poison
 21059 | Lair:5   | Slain by a dire elephant simulacrum

Illustrated notes

Levels and vault maps discovered:
D:1:      ldierk_walled_garden, layout_rooms, minmay_tall_x
D:2:      minmay_chambers_of_twos, layout_basic,
          shapermc_ecumenical_altar_pompeii
D:3:      layout_loops_ring, uniq_natasha, uniq_crazy_yiuf_cottage, uniq_jessica
D:4:      layout_basic, minivault_5, minmay_goblin_outpost
D:5:      layout_cave_pools, temple_hall, minmay_misc_feat_iff
D:6:      layout_loops_cross, bloody_makhleb, minmay_misc_feat_cross,
          nzn_random_ring, uniq_edmund
D:7:      layout_rooms, nzn_wu_jian_contemplation, nicolae_tso_besieged_by_evil
D:8:      layout_rooms, hellmonk_okawaru_the_only_friend_you_need, uniq_erica
D:9:      layout_rooms, mainiacjoe_overflow_24_doors,
          amethyst_overflow_temple_binary, erik_lair_dragon, serial_shops, shop,
          hangedman_abyss_or_decor_stagger, uniq_pikel
D:10:     layout_roguey, hiddenorc2_lemuel, enter_bailey_7,
          gammafunk_ghost_hive, uniq_joseph, uniq_nergalle, uniq_fannar
Temple:   bh_familiar_temple
Lair:1:   gammafunk_boulding_lane, layout_hall_layers, grunt_megastairs_3
Lair:2:   layout_regular_city, elwin_shoals_entry_rooms, gauntlet_entry_generic,
          uniq_amaemon
Lair:3:   layout_hall_layers, hellmonk_spider_entry_life_and_decay,
          serial_bayou_pond_c, eino_small_chamber_without_monster
Lair:4:   layout_regular_city, pond
Lair:5:   due_jungle_book, layout_regular_city, slime_entry_1, st_stairs_10,
          grunt_megastairs_2

Skill      XL: |  1  2  3  4  5  6  7  8  9 10 11 12 13 14 |
---------------+-------------------------------------------+-----
Fire Magic     | 3 4 5 6 7 8 |  8.2
Conjurations   | 2 3 4 5 |  5.0
Spellcasting   | 3 4 5 6 7 8 |  8.7
Fighting       | 1 2 4 5 6 7 9 |  9.3
Dodging        | 2 3 4 5 6 7 8 |  8.4
Stealth        | 2 3 4 5 6 7 8 |  8.0
Short Blades   | 2 3 4 5 |  5.3
Armour         | 2 3 5 6 |  6.9
Transmutations | 2 |  2.0
Hexes          | 2 3 4 |  4.0
Air Magic      | 2 3 4 |  4.0
Long Blades    | 2 3 5 6 |  6.0
Shields        | 1 3 5 |  5.9
Translocations | 1 2 |  2.0
Poison Magic   | 4 |  4.7
Invocations    | 2 |  2.6

Action                     |  1- 3 |  4- 6 |  7- 9 | 10-12 | 13-15 || total
---------------------------+-------+-------+-------+-------+-------++-------
  Melee: Unarmed           |    19 |       |       |       |       ||    19
         Short sword       |    21 |    29 |       |       |       ||    50
         Punch             |     1 |       |       |     3 |       ||     4
         Tailslap          |     2 |     5 |    13 |    59 |    41 ||   120
         Quarterstaff      |       |     4 |    58 |       |       ||    62
         Dagger            |       |       |    54 |   402 |       ||   456
         Scimitar          |       |       |       |       |   178 ||   178
   Cast: Foxfire           |    69 |    46 |    15 |    19 |     2 ||   151
         Scorch            |     2 |    62 |    76 |   106 |    40 ||   286
         Volatile Blastmot |       |       |     7 |       |       ||     7
         Flame Wave        |       |       |     1 |    32 |    16 ||    49
         Tukima's Dance    |       |       |       |    10 |       ||    10
         Wereblood         |       |       |       |     1 |       ||     1
         Inner Flame       |       |       |       |       |     8 ||     8
  Evoke: Wand              |       |       |     2 |    14 |       ||    16
    Use: Scroll            |       |     3 |     2 |    10 |     4 ||    19
         Potion            |       |       |     1 |       |       ||     1
   Stab: Paralysed         |       |       |    28 |    51 |    29 ||   108
         Sleeping          |       |       |     3 |    10 |       ||    13
 Armour: Robe              |    10 |     3 |       |    49 |    77 ||   139
         Leather armour    |       |    19 |    67 |    77 |       ||   163
         Steam dragon scal |       |       |       |     5 |       ||     5
         Troll leather arm |       |       |       |    48 |       ||    48
  Dodge: Dodged            |    50 |    24 |   104 |   242 |   148 ||   568
  Block: Buckler           |       |       |       |    93 |    97 ||   190
